 Dungeon Sprint DCSS version 0.21.0 (webtiles) character file.

1373 wojtek the Basher (level 8, -1/63 (64) HPs)
             Began as a Minotaur Berserker on Jan 6, 2018.
             Was an Elder of Trog.
             Slain by a hippogriff (6 damage)
             ... in the Dungeon (Sprint II: "The Violet Keep of Menkaure").
             The game lasted 00:00:45 (219 turns).

wojtek the Basher (Minotaur Berserker)               Turns: 219, Time: 00:00:46

HP:   -1/63 (64)    AC:  2    Str: 24    XL:     8   Next: 39%
MP:   7/7           EV: 16    Int:  2    God:    Trog [****..]
Gold: 729           SH:  0    Dex: 10    Spells: 7/7 levels left

rFire    . . .     SeeInvis .   a - +0 mace
rCold    . . .     Gourm    .   (no shield)
rNeg     . . .     Faith    .   b - +0 animal skin
rPois    .         Spirit   .   (helmet restricted)
rElec    .         Reflect  .   (no cloak)
rCorr    .         Harm     .   (no gloves)
MR       .....     NoTele   +   (no boots)
Stlth    +.........             (no amulet)
HPRegen  0.20/turn              (no ring)
MPRegen  0.10/turn              (no ring)

@: berserk cooldown, slowed, very slow
A: retaliatory headbutt, horns 2, deterioration 1, dopey 1, frail 2
a: Berserk, Trog's Hand, Brothers in Arms, Burn Spellbooks, Renounce Religion


You were in the Dungeon.
You worshipped Trog.
Trog was greatly pleased with you.
You were not hungry.

You visited 1 branch You collected 729 gold pieces.

Inventory:

Hand Weapons
 a - a +0 mace (weapon)
Armour
 b - a +0 animal skin (worn)
Scrolls
 i - a scroll of blinking
Potions
 d - a potion of curing
 e - a potion of heal wounds
 f - a potion of haste
 g - 2 potions of magic
 h - a potion of berserk rage
Comestibles
 c - a ration
 j - 3 chunks of flesh


   Skills:
 + Level 10.6 Fighting
 * Level 14.0 Maces & Flails
 + Level 10.3 Armour
 + Level 9.5 Dodging


You had 7 spell levels left.
You didn't know any spells.

Dungeon Overview and Level Annotations

Branches:
Dungeon (1/1)

Altars:


Innate Abilities, Weirdness & Mutations

You reflexively headbutt those who attack you in melee.
You have a pair of horns on your head.
Your body sometimes deteriorates upon taking damage.
You are dopey. (Int -2)
You are very frail. (-20% HP)


Message History

The hippogriff is lightly wounded.
The hippogriff bites you. The hippogriff pecks you.
The hippogriff barely misses you.
You sock the hippogriff! Your headbutt misses the hippogriff.
The hippogriff is heavily wounded.
The hippogriff bites you!
* * * LOW HITPOINT WARNING * * *
The hippogriff completely misses you. The hippogriff claws you.
* * * LOW HITPOINT WARNING * * *
You sock the hippogriff! Your headbutt misses the hippogriff.
The hippogriff is severely wounded.
The hippogriff bites you.
* * * LOW HITPOINT WARNING * * *
The hippogriff closely misses you. The hippogriff misses you.
You closely miss the hippogriff. You headbutt the hippogriff!
The hippogriff is severely wounded.
The hippogriff bites you.
* * * LOW HITPOINT WARNING * * *
The hippogriff barely misses you. The hippogriff claws you.
You die...

##+##
##.#.##
#..#..# #
##...####
#.
##รท###.#
#.##.##..#
#H@<.'.##+
#$##.##.#.#
#.
##'###.## #
##.).####
#..#..#
##...##
##+##


You could see a hippogriff.

Vanquished Creatures
  A merfolk siren (D)
  A hippogriff (D)
  4 neqoxecs (D)
  4 necrophages (D)
10 creatures vanquished.

Notes
Turn   | Place    | Note
-------+----------+-------------------------------------------
     0 | D        | wojtek the Minotaur Berserker began the quest for the Orb.
     0 | D        | Reached XP level 1. HP: 19/19 MP: 0/0
     1 | D        | Noticed a necrophage
     1 | D        | Noticed a necrophage
     1 | D        | Noticed a necrophage
     1 | D        | Noticed a necrophage
     5 | D        | Killed a necrophage
     5 | D        | Reached skill level 5 in Fighting
     5 | D        | Reached skill level 7 in Maces & Flails
     5 | D        | Reached skill level 5 in Armour
     5 | D        | Reached XP level 2. HP: 29/29 MP: 1/1
     5 | D        | Reached XP level 3. HP: 36/36 MP: 2/2
     5 | D        | Reached XP level 4. HP: 43/43 MP: 3/3
     9 | D        | Killed a necrophage
     9 | D        | Reached skill level 9 in Maces & Flails
     9 | D        | Reached skill level 5 in Dodging
     9 | D        | Reached XP level 5. HP: 50/50 MP: 4/4
    11 | D        | Killed a necrophage
    11 | D        | Reached ** piety under Trog
    11 | D        | Reached skill level 10 in Maces & Flails
    13 | D        | Killed a necrophage
    13 | D        | Reached XP level 6. HP: 60/60 MP: 5/5
    54 | D        | Noticed a neqoxec
    54 | D        | Noticed a neqoxec
    54 | D        | Noticed a neqoxec
    54 | D        | Noticed a neqoxec
    54 | D        | Gained mutation: You are dopey. (Int -2) [a neqoxec]
    54 | D        | Gained mutation: You are frail. (-10% HP) [a neqoxec]
    57 | D        | Killed a neqoxec
    57 | D        | Reached skill level 11 in Maces & Flails
    60 | D        | Gained mutation: You are very frail. (-20% HP) [a neqoxec]
    61 | D        | Killed a neqoxec
    61 | D        | Reached *** piety under Trog
    61 | D        | Reached skill level 12 in Maces & Flails
    61 | D        | Reached XP level 7. HP: 55/55 MP: 6/6
    64 | D        | Killed a neqoxec
    68 | D        | Gained mutation: Your body sometimes deteriorates upon taking damage. [a neqoxec]
    69 | D        | Killed a neqoxec
   186 | D        | Noticed a merfolk siren
   193 | D        | Killed a merfolk siren
   193 | D        | Reached **** piety under Trog
   193 | D        | Reached skill level 10 in Fighting
   193 | D        | Reached skill level 13 in Maces & Flails
   193 | D        | Reached skill level 10 in Armour
   193 | D        | Reached XP level 8. HP: 63/63 MP: 7/7
   209 | D        | Noticed a hippogriff
   209 | D        | Noticed a hippogriff
   215 | D        | Killed a hippogriff
   215 | D        | Reached skill level 14 in Maces & Flails
   219 | D        | Slain by a hippogriff

Skill      XL: |  1  2  3  4  5  6  7  8 |
---------------+-------------------------+-----
Fighting       | 5 6 8 9 10 | 10.6
Maces & Flails | 7 9 10 12 13 14 | 14.0
Armour         | 5 6 7 8 10 | 10.3
Dodging        | 4 5 6 7 9 |  9.5

Action                   |  1- 3 |  4- 6 |  7- 9 || total
-------------------------+-------+-------+-------++-------
Melee: Mace              |     3 |    13 |    23 ||    39
       Headbutt          |     1 |     3 |     7 ||    11
Invok: Berserk           |     1 |     1 |     1 ||     3
  Eat: Chunk             |       |       |     1 ||     1
Armor: Animal skin       |       |     3 |     6 ||     9
Dodge: Dodged            |       |     5 |    31 ||    36
